 Dungeon Crawl Stone Soup version 0.21.0-3-g78d12a8 (webtiles) character file.

41092 dobroeutro the Severer (level 13, 0/116 HPs)
             Began as a Minotaur Fighter on Jan 17, 2018.
             Was a High Priest of the Shining One.
             Slain by an orc sorcerer
             ... wielding a +0 dagger
              (2 damage)
             ... on level 1 of the Orcish Mines.
             The game lasted 00:27:36 (16068 turns).

dobroeutro the Severer (Minotaur Fighter)          Turns: 16068, Time: 00:27:37

Health: 0/116      AC: 14    Str: 24    XL:     13   Next: 78%
Magic:  11/14      EV: 25    Int: -2 (5) God:    the Shining One [*****.]
Gold:   1338       SH: 21    Dex: 15    Spells: 12/12 levels left

rFire    + . .     SeeInvis .   P - +1 broad axe
rCold    . . .     Gourm    .   c - +1 shield
rNeg     + + .     Faith    .   A - +0 acid dragon scales
rPois    .         Spirit   .   y - +2 hat
rElec    .         Reflect  .   D - +0 cloak
rCorr    +         Harm     .   l - +0 pair of gloves
MR       .....                  (no boots)
Stlth    +.........             (no amulet)
HPRegen  0.29/turn              v - ring of protection from fire
MPRegen  0.14/turn              K - +3 ring of evasion

@: agile, divine shield, slowed, lost intelligence, glowing, very slow
A: retaliatory headbutt, horns 2, weak 1
a: Divine Shield, Cleansing Flame, Summon Divine Warrior, Renounce Religion


You were on level 1 of the Orcish Mines.
You worshipped the Shining One.
The Shining One was extremely pleased with you.
You were very hungry.

You visited 2 branches of the dungeon, and saw 17 of its levels.
You visited the Abyss 1 time.
You also visited: Sewer.

You collected 1338 gold pieces.

Inventory:

Hand Weapons
 a - a +1 war axe
 P - a +1 broad axe (weapon)
Armour
 b - a +0 scale mail
 c - a +1 shield (worn)
 l - a +0 pair of gloves (worn)
 y - a +2 hat (worn)
 A - +0 acid dragon scales (worn)
 D - a +0 cloak (worn)
Jewellery
 s - an uncursed ring of flight
 v - a ring of protection from fire (left hand)
 H - an uncursed ring of protection from cold
 K - a +3 ring of evasion (right hand)
Wands
 q - a wand of digging (25)
 w - a wand of flame (100)
 C - a wand of scattershot (6)
 J - a wand of disintegration (7)
 M - a wand of iceblast (7)
 N - a wand of paralysis (10)
Scrolls
 d - a scroll of silence {unknown}
 e - 6 scrolls of teleportation
 g - 3 scrolls of fog
 h - 11 scrolls of identify
 j - 3 scrolls of enchant armour
 n - 6 scrolls of remove curse
 o - 2 scrolls of blinking
 p - 2 scrolls of immolation
 x - 2 scrolls of fear
 B - 2 scrolls of amnesia
 E - 2 scrolls of magic mapping
 I - a scroll of vulnerability {unknown}
Potions
 m - a potion of cancellation {unknown}
 r - 3 potions of brilliance {unknown}
 t - 2 potions of curing
 u - 2 potions of mutation {unknown}
 z - a potion of magic {unknown}
 F - 3 potions of degeneration {unknown}
 G - a potion of resistance
 L - 3 potions of flight {unknown}
 Q - a potion of ambrosia {unknown}
Comestibles
 f - 22 rations


   Skills:
 + Level 11.2 Fighting
 + Level 17.7 Axes
 + Level 11.3 Armour
 + Level 9.9 Dodging
 + Level 11.3 Shields
 + Level 3.4 Invocations


You had 12 spell levels left.
You didn't know any spells.

Dungeon Overview and Level Annotations

Branches:
Dungeon (15/15)            Temple (0/1) D:7            Lair (0/6) D:8
    Orc (2/2) D:11            Elf (0/3) Orc:2        Vaults (0/5) D:13
 Depths: D:15

Altars:
Fedhas
Gozag
Hepliaklqana
Okawaru
Sif Muna
Vehumet
Xom
Zin
The Shining One

Shops:
D:6 =   D:7 !   D:10 =   D:11 !   Orc:2 %!


Innate Abilities, Weirdness & Mutations

You reflexively headbutt those who attack you in melee.
You have a pair of horns on your head.
You are weak. (Str -2)


Message History

The puff of frost misses you.
The puff of frost hits the orc wizard.
The orc wizard dies!
An orc wizard comes into view. It is wielding a dagger.
You feel much better. The sixfirhy barely misses you.
The sixfirhy closely misses you. You furiously retaliate!
You headbutt the sixfirhy. The sixfirhy hits you!
* * * LOW HITPOINT WARNING * * *
The sixfirhy shocks you!
* * * LOW HITPOINT WARNING * * *
You block the sixfirhy's attack. The sixfirhy misses you.
You block the orc sorcerer's attack. The troll misses you.
The troll claws you but does no damage. You block the troll's attack.
The orc warrior hits you but does no damage.
The troll completely misses you. x3; The orc wizard misses you.
The sixfirhy hits you.
* * * LOW HITPOINT WARNING * * *
The sixfirhy shocks you!
* * * LOW HITPOINT WARNING * * *
The orc sorcerer hits you with a dagger.
You die...

#..........
##..$......##
##...........#
....#........
............
##.##..........
#.....).T...#o.
......o@o.....#
......T3o......
..............#
#..............
...............
#.$..##.#.....#
#.... #.##...##
....# ... #...


You could see 2 trolls, a sixfirhy, an orc sorcerer, an orc warrior and 2 orc
wizards.

Vanquished Creatures
  An ogre mage (D:13)
  Erolcha (D:13)
  5 centaur warriors
  2 vault guards (D:13)
  A hydra (D:12)
  2 two-headed ogres
  A thrashing horror (Abyss:2)
  A deep elf knight (D:14)
  3 unseen horrors
  The ghost of ThereIsNoGod the Thaumaturge, a novice SpVM of Gozag (D:9)
  5 orc knights
  A wizard (D:14)
  4 manticores
  A wolf spider zombie (D:12)
  2 ugly things
  A deep elf mage (D:14)
  2 cyclopes
  Maurice (Orc:1)
  3 centaur zombies
  Joseph (D:9)
  4 gargoyles
  2 kobold demonologists (D:14)
  A tengu conjurer (D:13)
  A freezing wraith (Abyss:2)
  An ancient zyme (Abyss:2)
  5 trolls
  4 hippogriffs
  5 slime creatures (D:14)
  Sigmund (D:4)
  A vampire (D:14)
  2 wraiths
  2 shadows
  3 ynoxinuls (Abyss:2)
  Eustachio (D:6)
  2 wyverns (D:14)
  16 yaks
  A basilisk (D:8)
  A steam dragon (D:10)
  A hungry ghost (D:14)
  The ghost of komo4ek the Caller, an amateur HuSu (D:4)
  2 small abominations (Abyss:2)
  A soldier ant (D:11)
  2 acid dragons (D:14)
  4 wargs
  3 porcupines (D:8)
  2 large abominations (Abyss:2)
  Duvessa (D:4)
  6 sky beasts
  Purgy (Sewer)
  3 ice beasts
  15 orc warriors
  A phantom (D:13)
  2 necrophages
  6 ogres
  11 centaurs
  3 crocodiles
  7 big kobolds
  9 bullfrogs
  2 gnoll sergeants
  Dowan (D:4)
  7 scorpions
  A wyvern skeleton (D:13)
  11 killer bees
  An electric eel (D:10)
  7 howler monkeys
  2 crimson imps
  5 hounds
  2 iron imps (Abyss:2)
  4 jellies
  Crazy Yiuf (D:6)
  17 orc priests
  2 quasits
  A bullfrog skeleton (D:12)
  21 orc wizards
  5 centaur skeletons
  Ijyb (D:4)
  2 iguanas
  11 worker ants
  A killer bee zombie (D:8)
  4 hound skeletons
  10 gnolls
  21 adders
  4 shadow imps
  An adder zombie (D:7)
  2 worms
  2 dart slugs
  3 leopard geckos
  61 orcs
  12 bats
  7 giant cockroaches
  9 hobgoblins
  4 jackals
  30 kobolds
  2 quokkas
  A ball python (D:2)
  7 frilled lizards
  10 goblins
  A jackal skeleton (D:7)
  11 rats
480 creatures vanquished.

Vanquished Creatures (others)
  An orc wizard (Orc:1)
  An adder skeleton (D:4)
  A ball python (D:4)
  A fungus (D:8)
  4 starspawn tentacles (Abyss:2)
8 creatures vanquished.

Grand Total: 488 creatures vanquished

Notes
Turn   | Place    | Note
-------+----------+-------------------------------------------
     0 | D:1      | dobroeutro the Minotaur Fighter began the quest for the Orb.
     0 | D:1      | Reached XP level 1. HP: 19/19 MP: 0/0
   224 | D:1      | Reached skill level 3 in Axes
   247 | D:1      | Reached XP level 2. HP: 22/26 MP: 1/1
   361 | D:1      | Reached skill level 4 in Axes
   869 | D:2      | Reached XP level 3. HP: 16/31 MP: 2/2
   971 | D:2      | Reached skill level 5 in Axes
  1077 | D:2      | Reached XP level 4. HP: 15/39 MP: 3/3
  1487 | D:2      | Found a glowing golden altar of the Shining One.
  1493 | D:2      | Became a worshipper of the Shining One
  1845 | D:3      | Reached skill level 6 in Axes
  1987 | D:3      | Reached XP level 5. HP: 39/45 MP: 4/4
  2320 | D:3      | Reached skill level 7 in Axes
  2335 | D:3      | Reached skill level 8 in Axes
  2335 | D:3      | Reached XP level 6. HP: 38/51 MP: 5/5
  2601 | D:4      | Noticed Duvessa
  2610 | D:4      | Killed Duvessa
  2611 | D:4      | Noticed Dowan
  2625 | D:4      | Killed Dowan
  2625 | D:4      | Reached skill level 9 in Axes
  2625 | D:4      | Reached XP level 7. HP: 40/57 MP: 6/6
  2644 | D:4      | Found a glowing drain.
  2653 | Sewer    | Entered a sewer
  2708 | Sewer    | Noticed Purgy
  2715 | Sewer    | Killed Purgy
  2782 | D:4      | Reached skill level 10 in Axes
  2835 | D:4      | Noticed komo4ek's ghost (amateur HuSu)
  2849 | D:4      | Killed komo4ek's ghost
  2867 | D:4      | Found a radiant altar of Vehumet.
  2872 | D:4      | Reached * piety under the Shining One
  2877 | D:4      | Noticed Sigmund
  2917 | D:4      | Killed Sigmund
  2917 | D:4      | Reached skill level 11 in Axes
  2917 | D:4      | Reached XP level 8. HP: 19/64 MP: 7/7
  3268 | D:4      | Noticed Ijyb
  3274 | D:4      | Killed Ijyb
  3434 | D:5      | Entered Level 5 of the Dungeon
  3551 | D:5      | Reached skill level 12 in Axes
  4064 | D:6      | Found a blossoming altar of Fedhas.
  4093 | D:6      | Reached skill level 13 in Axes
  4212 | D:6      | Found an opulent altar of Gozag.
  4217 | D:6      | Noticed Eustachio
  4226 | D:6      | Killed Eustachio
  4328 | D:6      | Found Joham's Jewellery Boutique.
  4581 | D:6      | Reached XP level 9. HP: 46/70 MP: 8/8
  4651 | D:6      | Found a runed door.
  4655 | D:6      | Noticed Crazy Yiuf
  4658 | D:6      | Killed Crazy Yiuf
  4662 | D:6      | Got a smoking mace
  4673 | D:6      | Identified the cursed +1 mace of Ragnarok {crush, rElec rC+ Int+4} (You found it on level 6 of the Dungeon)
  4760 | D:7      | Reached skill level 14 in Axes
  4968 | D:7      | Reached ** piety under the Shining One
  5361 | D:6      | Reached skill level 15 in Axes
  5622 | D:7      | Reached skill level 1 in Dodging
  5914 | D:7      | Found a deep blue altar of Sif Muna.
  5922 | D:7      | Found a glowing silver altar of Zin.
  5924 | D:7      | Found a hazy altar of Hepliaklqana.
  5924 | D:7      | Found an iron altar of Okawaru.
  5968 | D:7      | Found Puwiuric's Distillery.
  6000 | D:7      | Found a staircase to the Ecumenical Temple.
  6835 | D:8      | Reached XP level 10. HP: 75/80 MP: 9/9
  6852 | D:8      | Reached skill level 5 in Fighting
  6852 | D:8      | Reached skill level 5 in Shields
  6863 | D:8      | Reached skill level 5 in Armour
  7181 | D:8      | Found a staircase to the Lair.
  7766 | D:9      | Noticed ThereIsNoGod's ghost (novice SpVM)
  7766 | D:9      | Reached *** piety under the Shining One
  7782 | D:9      | Killed ThereIsNoGod's ghost
  8132 | D:9      | Found a blossoming altar of Fedhas.
  8179 | D:9      | Noticed Joseph
  8188 | D:9      | Killed Joseph
  8188 | D:9      | Reached XP level 11. HP: 59/91 MP: 10/10
  8234 | D:9      | Reached skill level 5 in Dodging
  8484 | D:10     | Entered Level 10 of the Dungeon
  8486 | D:10     | Noticed an unseen horror
  8489 | D:10     | Killed an unseen horror
  8489 | D:10     | Reached skill level 16 in Axes
  8500 | D:10     | Noticed a two-headed ogre
  8512 | D:10     | Killed a two-headed ogre
  8839 | D:10     | Found Saocs's Jewellery Emporium.
  9607 | D:11     | Found Udiolid's Distillery.
  9620 | D:11     | Found a staircase to the Orcish Mines.
  9784 | D:11     | Noticed an unseen horror
  9794 | D:11     | Killed an unseen horror
 10183 | D:12     | Reached **** piety under the Shining One
 10183 | D:12     | Noticed a centaur warrior
 10198 | D:12     | Killed a centaur warrior
 10221 | D:12     | Noticed a four-headed hydra
 10225 | D:12     | Killed a four-headed hydra
 10436 | D:12     | Reached XP level 12. HP: 90/103 MP: 11/11
 10839 | D:12     | Found a shimmering altar of Xom.
 11013 | D:13     | Noticed a centaur warrior
 11020 | D:13     | Killed a centaur warrior
 11693 | D:13     | Noticed a centaur warrior
 11698 | D:13     | Killed a centaur warrior
 11783 | D:13     | Noticed a vault guard
 11802 | D:13     | Noticed a vault guard
 11844 | D:13     | Noticed an ogre mage
 11852 | D:13     | Killed an ogre mage
 11852 | D:13     | Reached skill level 17 in Axes
 12149 | D:13     | Noticed Erolcha
 12166 | D:13     | Killed Erolcha
 12348 | D:13     | Killed a vault guard
 12384 | D:13     | Killed a vault guard
 12384 | D:13     | Reached skill level 10 in Fighting
 12384 | D:13     | Reached skill level 10 in Armour
 12384 | D:13     | Reached skill level 10 in Shields
 12402 | D:13     | Found a gate to the Vaults.
 13005 | D:14     | Noticed a two-headed ogre
 13019 | D:14     | Killed a two-headed ogre
 13023 | D:14     | Reached XP level 13. HP: 50/113 MP: 12/12
 13921 | D:14     | Reached ***** piety under the Shining One
 13925 | D:14     | Cast into level 2 of the Abyss (a wizard)
 13925 | Abyss:2  | Found a corrupted altar of Lugonu.
 14007 | Abyss:2  | Noticed a starcursed mass
 14249 | Abyss:2  | Noticed a tentacled starspawn
 14256 | Abyss:2  | Noticed a tentacled starspawn
 14306 | Abyss:2  | Reached skill level 1 in Invocations
 14320 | Abyss:2  | Noticed a starcursed mass
 14358 | D:14     | Escaped the Abyss
 15373 | D:15     | Entered Level 15 of the Dungeon
 15472 | Orc:1    | Entered Level 1 of the Orcish Mines
 15491 | Orc:1    | Noticed Maurice
 15514 | Orc:1    | Killed Maurice
 15666 | Orc:2    | Entered Level 2 of the Orcish Mines
 15666 | Orc:2    | Found a staircase to the Elven Halls.
 16012 | Orc:2    | Found Wil Keczawu's Food Shoppe.
 16018 | Orc:2    | Found Bakar's Distillery.
 16034 | Orc:2    | Lost intelligence.
 16051 | Orc:2    | Gained mutation: You are weak. (Str -2) [a neqoxec]
 16068 | Orc:1    | HP: 2/116 [sixfirhy[an orc sorcerer] (12)]
 16068 | Orc:1    | Slain by an orc sorcerer

Skill      XL: |  1  2  3  4  5  6  7  8  9 10 11 12 13 |
---------------+----------------------------------------+-----
Axes           | 3 4 5 6 8 9 11 13 15 16 17 | 17.7
Dodging        | 2 4 7 8 9 |  9.9
Fighting       | 4 6 8 10 11 | 11.2
Armour         | 4 6 8 10 11 | 11.3
Shields        | 4 6 8 10 11 | 11.3
Invocations    | 3 |  3.4

Action                   |  1- 3 |  4- 6 |  7- 9 | 10-12 | 13-15 || total
-------------------------+-------+-------+-------+-------+-------++-------
Melee: War axe           |    98 |   152 |   235 |   567 |   169 ||  1221
       Headbutt          |    14 |    17 |    36 |   115 |    75 ||   257
       Mace              |       |       |    17 |       |       ||    17
       Broad axe         |       |       |       |       |   191 ||   191
Invok: Divine Shield     |       |       |       |       |     1 ||     1
Evoke: Wand              |       |       |       |     2 |       ||     2
  Use: Potion            |     1 |       |       |     3 |     6 ||    10
       Scroll            |       |     7 |     7 |     1 |     4 ||    19
  Eat: Chunk             |       |     5 |     8 |     9 |     3 ||    25
       Ration            |       |       |     2 |     3 |     2 ||     7
Armor: Scale mail        |    54 |    67 |    79 |   130 |    43 ||   373
       Acid dragon scale |       |       |       |       |    26 ||    26
Dodge: Dodged            |    41 |    32 |    67 |   140 |   154 ||   434
Block: Shield            |    64 |    66 |   119 |   258 |   197 ||   704
